 Seeded DCSS version 0.29-a0-344-ge2f44be95a (webtiles) character file.

Game seed: 1450950038153131384 (custom seed)

560 zeratav the Arsonist (level 7, -3/41 HPs)
             Began as an Octopode Fire Elementalist on Apr 21, 2022.
             Slain by Duvessa
             ... wielding a +0 short sword
              (11 damage)
             ... on level 4 of the Dungeon.
             The game lasted 00:06:25 (4497 turns).

zeratav the Arsonist (Octopode Fire Elementalist)   Turns: 4497, Time: 00:06:26

Health: -3/41      AC:  1    Str:  8    XL:     7   Next: 31%
Magic:  10/10      EV: 13    Int: 14    God:
Gold:   138        SH:  0    Dex: 18    Spells: 4/10 levels left

rFire   . . .      SeeInvis .   b - +10 hunting sling of Nunluomy {venom, *Slow rPois rC+++ Int-5, sling}
rCold   + + +      Faith    .   (no shield)
rNeg    . . .      Spirit   .   (helmet restricted)
rPois   +          Reflect  .   (no amulet)
rElec   .          Harm     .   l - +6 ring of dexterity
rCorr   .          Rampage  .   r - ring of protection from cold
Will    .....                   (no ring)
Stlth   +++.......              (no ring)
HPRegen 0.13/turn               (no ring)
MPRegen 0.12/turn               (no ring)
                                (no ring)
                                (no ring)

@: about to teleport, on berserk cooldown, slowed, very slow
A: almost no armour, amphibious, 8 rings, camouflage 1, gelatinous body 1,
(nimble swimmer 1), tentacles
a: no special abilities


You were on level 4 of the Dungeon.
You visited 1 branch of the dungeon, and saw 4 of its levels.

You collected 138 gold pieces.


Innate Abilities, Weirdness & Mutations

You cannot wear most types of armour.
You are amphibious.
You can wear up to eight rings at the same time.
Your skin changes colour to match your surroundings (Stealth+).
Your rubbery body absorbs attacks. (AC +1, EV +1)
((You are camouflaged when in or above water. (Stealth+)))
You have tentacles for arms and can constrict up to eight enemies at once.


   Skills:
 - Level 2.0 Dodging
 - Level 2.6 Stealth
 - Level 2.0 Spellcasting
 - Level 1.0 Conjurations
 + Level 8.2 Fire Magic


You had 4 spell levels left.
You knew the following spells:

 Your Spells              Type           Power      Damage    Failure   Level
a - Foxfire               Conj/Fire      56%        2x1d6     3%          1
b - Scorch                Fire           48%        2d7       1%          2
c - Conjure Flame         Conj/Fire      14%        6-21      11%         3

Your spell library contained the following spells:

 Spells                   Type           Power      Damage    Failure   Level
 Inner Flame              Hex/Fire       12%        N/A       13%         3
 Summon Small Mammal      Summ           4%         N/A       24%         1
 Corpse Rot               Necr/Air       2%         N/A       34%         2
 Poisonous Vapours        Pois/Air       2%         N/A       34%         2
 Flame Wave               Conj/Fire      14%        2d6       34%         4
 Dazzling Flash           Conj/Hex       4%         N/A       50%         3
 Portal Projectile        Hex/Tloc       2%         N/A       56%         3
 Swiftness                Air            1%         N/A       56%         3
 Fireball                 Conj/Fire      7%         3d5       69%         5
 Starburst                Conj/Fire      7%         6d4       99%         6
 Agony                    Necr           1%         N/A       100%        5
 Blade Hands              Tmut           0%         N/A       100%        5
 Excruciating Wounds      Necr           0%         N/A       100%        5
 Silence                  Hex/Air        0%         N/A       100%        5
 Ignition                 Fire           12%        3d6       100%        8
 Chain Lightning          Conj/Air       1%         3d1       100%        9

Inventory:

Hand Weapons
 b - the +10 hunting sling of Nunluomy (weapon) {venom, *Slow rPois rC+++ Int-5, sling}
   (You found it on level 4 of the Dungeon)

   Any ammunition fired from it poisons the flesh of those it strikes.
   Int:       It affects your intelligence (-5).
   rC:        It renders you almost immune to cold.
   rPois:     It protects you from poison.
   *Slow:     It may slow you when you take damage.
 x - a +2 falchion of freezing {long}
   (You took it off an orc on level 3 of the Dungeon)
Armour
 w - a +0 buckler
   (You found it on level 3 of the Dungeon)
Jewellery
 l - a +6 ring of dexterity (left tentacle)
   (You found it on level 1 of the Dungeon)
 r - a ring of protection from cold (right tentacle)
   (You took it off a kobold on level 2 of the Dungeon)
Scrolls
 c - 3 scrolls of teleportation {@r4}
 f - 3 scrolls of enchant armour {unknown}
 g - 4 scrolls of identify {unknown}
 j - 2 scrolls of fear {unknown}
 n - a scroll of holy word {unknown}
 o - a scroll of amnesia {unknown}
 s - 2 scrolls of fog {unknown}
 t - a scroll of silence {unknown}
Potions
 a - a potion of magic
 d - a potion of berserk rage {!q}
 e - 2 potions of haste {unknown}
 h - 2 potions of degeneration {unknown}
 i - a potion of flight {unknown}
 k - a potion of invisibility {unknown}
 m - a potion of attraction {unknown}
 p - a potion of might {unknown}
 q - 2 potions of cancellation {unknown}
 u - 2 potions of heal wounds {unknown}
 v - 4 potions of curing {@q1}

Dungeon Overview and Level Annotations

Branches:
Dungeon (4/15)
 Temple: D:4-7

Altars:

Shops:
D:4 *

Annotations:
D:4 Duvessa

..........#...........
...<..................
......................
###..#####.8....#.....#........#
#....#..........#.....#........#
#..............o..........###..#
##................#.........)..##
#..............ge.##.....).......
#........##.....@##.............#
#...........#....###.............
#..<...........# #..##.).......
#....##........# #............†
###...........#...#..........##..
....††......#####......#.#...#...
............. .####.###...[...
............. .. .. ##.##....
.........###. .. ....#....


You could see Duvessa (berserk), an orc priest and a hobgoblin.


Message History

You shoot a sling bullet.
The sling bullet hits the adder but does no damage.
The adder looks as sick as possible!
The adder barely misses you.
You shoot a sling bullet.
The sling bullet barely misses the adder.
You kill the adder!
HP[+1]
You start resting.
HP[+1]
Your hp is fully restored (41).
You see here an adder corpse.
A gnoll comes into view. It is wielding a +0 flail.
You shoot a sling bullet. The gnoll shouts!
The sling bullet hits the gnoll!
The gnoll is poisoned.
You hear a shout!
You shoot a sling bullet.
The sling bullet completely misses the gnoll.
You shoot a sling bullet. The sling bullet hits the gnoll!
You kill the gnoll!
Your Fire Magic skill increases to level 8!
A gnoll comes into view. It is wielding a +0 flail.
You shoot a sling bullet. The sling bullet hits the gnoll.
You shoot a sling bullet.
The sling bullet barely misses the gnoll.
You shoot a sling bullet.
The sling bullet barely misses the gnoll.
You shoot a sling bullet. The sling bullet hits the gnoll!
You kill the gnoll!
Dowan, Brother of Duvessa comes into view.
He is wielding a +0 dagger.
Dowan says, "Stay away from my face!"
Dowan gestures wildly while chanting.
Dowan blinks!
You see here a +0 robe.
You shoot a sling bullet. The sling bullet closely misses Dowan.
You shoot a sling bullet.
The sling bullet hits Dowan but does no damage.
Dowan is poisoned.
Dowan gestures wildly while chanting.
Dowan blinks!
Unknown command.
You shoot a sling bullet. The sling bullet hits Dowan!
You shoot a sling bullet.
The sling bullet hits Dowan but does no damage.
You shoot a sling bullet. The sling bullet barely misses Dowan.
You shoot a sling bullet. The sling bullet hits Dowan!
Dowan looks even sicker.
You kill Dowan!
You hear a distant scream of rage.
Okay, then.
Found Ricliss's General Store.
Found an escape hatch in the ceiling.
An orc priest comes into view. It is wielding a +0 dagger.
Duvessa, Sister of Dowan comes into view.
She is wielding a +0 short sword.
Fire: b) +10 hunting sling of Nunluomy {venom, *Slow rPois rC+++ Int-5, sling}
Press: ? - help, Q - select action, (/) - cycle Shift-Dir - straight line, f - orc priest
Aim: an orc priest, wielding a +0 dagger (69% to hit)
You shoot a sling bullet.
The sling bullet closely misses the orc priest.
Duvessa shouts!
Duvessa goes berserk!
You hear a shout! x2; You hear an angry hiss.
It was a potion of curing.
You feel better.
Duvessa rages.
You hear a shout!
It was a potion of berserk rage.
A red film seems to cover your vision as you go berserk!
You feel yourself moving faster!
You feel mighty!
HP[+20]
You now have 61 max hp (+20).
Your hp is fully restored (61).
You feel a strong urge to attack something.
A hobgoblin comes into view.
Found a stone staircase leading down.
You feel your anger nearly subside.
You hear an angry hiss.
You hear a shout!
You are too berserk!
You are no longer berserk.
You are exhausted.
You feel yourself slow down.
HP[-20]
You now have 41 max hp (-20).
You hear a shout!
Duvessa misses you. The hobgoblin misses you. Duvessa closely misses you.
The hobgoblin hits you.
HP[-1]
You take 1 damage, and now have 40/41 hp.
As you read the scroll labelled NYOQIV DUNI, it crumbles to dust.
You feel strangely unstable.
It was a scroll of teleportation.
Duvessa completely misses you. The hobgoblin barely misses you.
Duvessa misses you. The hobgoblin hits you.
HP[-3]
You take 3 damage, and now have 37/41 hp.
Duvessa attacks as you move away! Duvessa hits you with a +0 short sword!
Duvessa closely misses you.
The orc priest looks satisfied for a moment.
Duvessa hits you with a +0 short sword!
* * * LOW HITPOINT WARNING * * *
HP[-29]
You take 29 damage, and now have 8/41 hp.
MASSIVE DAMAGE!! (PAUSE) Duvessa hits you with a +0 short sword!
You die...

Skill      XL: |  1  2  3  4  5  6  7 |
---------------+----------------------+-----
Fire Magic     | 4 5 6 7 8 |  8.2
Dodging        | |  2.0
Stealth        | |  2.6
Spellcasting   | |  2.0
Conjurations   | |  1.0

Action                   |  1- 3 |  4- 6 |  7- 9 || total
-------------------------+-------+-------+-------++-------
Melee: Unarmed           |    15 |       |       ||    15
       Tentacles         |    10 |     8 |       ||    18
       Constrict         |     7 |    11 |       ||    18
       Whip              |     9 |       |       ||     9
       Dagger            |     7 |    23 |       ||    30
       Falchion          |       |     2 |       ||     2
 Fire: Hunting sling     |       |    18 |    21 ||    39
 Cast: Foxfire           |     3 |       |       ||     3
       Scorch            |    24 |    47 |       ||    71
  Use: Potion            |       |       |     2 ||     2
       Scroll            |       |       |     1 ||     1
 Stab: Sleeping          |       |     1 |       ||     1
Armor: Skin              |     4 |     4 |       ||     8
Dodge: Dodged            |    21 |    27 |     9 ||    57

Levels and vault maps discovered:
D:1:      minmay_arrival_three_doors, layout_loops_corners
D:2:      cheibrodos_helix_gallery, layout_basic,
          nicolae_ecumenical_lake_church, kennysheep_nub
D:3:      layout_loops_corners, grunt_ministairs_9, minmay_misc_feat_rows,
          kennysheep_generic_room_9
D:4:      layout_cave_pools, serial_shops, shop_statue, uniq_duvessa

Notes
Turn   | Place    | Note
-------+----------+-------------------------------------------
     0 | D:1      | zeratav the Octopode Fire Elementalist began the quest for
                  | the Orb.
     0 | D:1      | Reached XP level 1. HP: 11/11 MP: 3/3
     0 | D:1      | magus.rc [v1.9.6]
   172 | D:1      | Reached XP level 2. HP: 12/17 MP: 0/5
   276 | D:1      | Learned a level 2 spell: Scorch
   508 | D:1      | You pick up a book of Fire and begin reading...
   508 | D:1      | You add the spells Fireball, Starburst and Ignition to your
                  | library.
   892 | D:1      | Reached skill level 4 in Fire Magic
  1014 | D:1      | Reached XP level 3. HP: 21/21 MP: 1/6
  1350 | D:1      | You pick up a book of Weapons and begin reading...
  1350 | D:1      | You add the spells Portal Projectile, Excruciating Wounds
                  | and Blade Hands to your library.
  1884 | D:2      | Reached XP level 4. HP: 27/27 MP: 2/7
  1901 | D:2      | Reached skill level 5 in Fire Magic
  2153 | D:2      | Found a faded altar of an unknown god.
  2546 | D:3      | Reached XP level 5. HP: 31/31 MP: 3/8
  2807 | D:3      | You pick up a book of the Senses and begin reading...
  2807 | D:3      | You add the spells Dazzling Flash, Agony and Silence to
                  | your library.
  3355 | D:3      | Reached skill level 6 in Fire Magic
  4171 | D:4      | Reached XP level 6. HP: 36/36 MP: 0/9
  4251 | D:4      | You add the spells Summon Small Mammal, Corpse Rot,
                  | Poisonous Vapours, Swiftness and Chain Lightning to your
                  | library.
  4251 | D:4      | Got the Guide on the Floating Entourage
  4286 | D:4      | Identified the +10 hunting sling of Nunluomy {venom, *Slow
                  | rPois rC+++ Int-5}
  4301 | D:4      | Noticed a black bear
  4305 | D:4      | Killed a black bear
  4306 | D:4      | Reached skill level 7 in Fire Magic
  4376 | D:4      | Learned a level 3 spell: Conjure Flame
  4425 | D:4      | Reached XP level 7. HP: 41/41 MP: 10/10
  4453 | D:4      | Reached skill level 8 in Fire Magic
  4459 | D:4      | Noticed Dowan
  4471 | D:4      | Killed Dowan
  4481 | D:4      | Found Ricliss's General Store.
  4483 | D:4      | Noticed Duvessa
  4496 | D:4      | HP: 8/41 [Duvessa/+0 short sword (14)]
  4497 | D:4      | Slain by Duvessa

Vanquished Creatures
  A black bear (D:4)
  An ogre (D:4)
  Dowan (D:4)
  A hound (D:4)
  An orc priest (D:3)
  An iguana (D:4)
  13 adders
  3 gnolls (D:4)
  A white imp (D:4)
  2 worms
  2 dart slugs
  6 orcs (D:3)
  9 bats
  7 endoplasms
  5 giant cockroaches
  2 goblins
  3 hobgoblins (D:1)
  8 jackals
  9 kobolds
  8 ball pythons
  5 frilled lizards
  3 rats
92 creatures vanquished.

Vanquished Creatures (others)
  4 foxfires (D:1)
4 creatures vanquished.

Grand Total: 96 creatures vanquished

Table legend:
 A = Non-vault XP
 B = Vault XP
 C = Vault XP percentage of total XP
 D = Non-vault monster count
 E = Vault monster count
 F = Vault count percentage of total count
                 A         B        C        D         E       F
            +---------+---------+-------+---------+---------+-------
      Total |     726 |      74 |   9.2 |      88 |       4 |   4.3
            +---------+---------+-------+---------+---------+-------
        D:1 |      41 |       0 |   0.0 |      23 |       0 |   0.0
        D:2 |     111 |       2 |   1.8 |      25 |       1 |   3.8
        D:3 |     155 |       3 |   1.9 |      26 |       2 |   7.1
        D:4 |     419 |      69 |  14.1 |      14 |       1 |   6.7
            +---------+---------+-------+---------+---------+-------

Illustrated notes

Table legend:
 A = Kills in this place as a percentage of kills in entire the game.
 B = Kills by you in this place as a percentage of kills by you in the entire game.
 C = Kills by friends in this place as a percentage of kills by friends in the entire game.
 D = Other kills in this place as a percentage of other kills in the entire game.
 E = Experience gained in this place as a percentage of experience gained in the entire game.
 F = Experience gained in this place divided by the number of levels of this place that you have seen.
                   A       B       C       D       E      F
               +-------+-------+-------+-------+-------+----------------------
         Total | 100.0 | 100.0 |   N/A |   N/A | 100.0 | 200.0
       Dungeon | 100.0 | 100.0 |   N/A |   N/A | 100.0 | 200.0
               +-------+-------+-------+-------+-------+----------------------

Table legend: (Time is in decaauts)
 A = Elapsed time spent in this place.
 B = Non-inter-level travel time spent in this place.
 C = Inter-level travel time spent in this place.
 D = Time resting spent in this place.
 E = Time spent auto-exploring this place.
 F = Levels seen in this place.
 G = Mean time per level.
                   A        B        C        D        E       F      G
               +--------+--------+--------+--------+--------+-----+--------+
         Total |   4516 |   4445 |     71 |    289 |   3529 |   4 | 1129.0 |
       Dungeon |   4516 |   4445 |     71 |    289 |   3529 |   4 | 1129.0 |
               +--------+--------+--------+--------+--------+-----+--------+

Top non-repeatable levels by time:
     D:3: 1724 daAuts
     D:1: 1384 daAuts
     D:2: 1080 daAuts
     D:4: 326 daAuts
